 Dungeon Crawl Stone Soup version 0.21.1-1-g345015f (webtiles) character file.

163 Lilu the Conjurer (level 5, -4/28 HPs)
             Began as a Deep Elf Conjurer on July 29, 2018.
             Slain by Terence
             ... wielding a +4 flail of protection
              (10 damage)
             ... on level 3 of the Dungeon.
             The game lasted 00:10:48 (3136 turns).

Lilu the Conjurer (Deep Elf Conjurer)               Turns: 3136, Time: 00:10:49

Health: -4/28      AC:  3    Str:  6    XL:     5   Next: 20%
Magic:  0/11       EV: 13    Int: 20    God:
Gold:   97         SH:  0    Dex: 15    Spells: 3/10 levels left

rFire    . . .     SeeInvis .   h - +2 whip (drain)
rCold    . . .     Gourm    .   (no shield)
rNeg     . . .     Faith    .   a - +0 robe
rPois    .         Spirit   .   w - +0 helmet
rElec    .         Reflect  .   (no cloak)
rCorr    .         Harm     .   (no gloves)
MR       .....     Rnd*Tele +   (no boots)
Stlth    +++.......             (no amulet)
HPRegen  0.09/turn              v - ring of teleportation
MPRegen  0.12/turn              f - ring of stealth

@: no status effects
A: no striking features
a: no special abilities


You were on level 3 of the Dungeon.
You were not hungry.

You visited 1 branch of the dungeon, and saw 3 of its levels.

You collected 97 gold pieces.

Inventory:

Hand Weapons
 h - a +2 whip of draining (weapon)
Missiles
 j - a throwing net (quivered)
Armour
 a - a +0 robe (worn)
 u - a +0 large shield
 w - a +0 helmet (worn)
Jewellery
 f - a ring of stealth (right hand)
 k - an uncursed amulet of rage
 v - a ring of teleportation (left hand)
Scrolls
 e - 4 scrolls of teleportation
 i - 2 scrolls of magic mapping
 n - 2 scrolls of amnesia
 o - 2 scrolls of immolation
 r - a scroll of fog
 x - a scroll of identify
Potions
 d - a potion of lignification {unknown}
 g - 2 potions of curing {unknown}
 l - a potion of resistance {unknown}
 m - a potion of haste {unknown}
 p - a potion of degeneration {unknown}
 q - 2 potions of ambrosia {unknown}
 s - a potion of might {unknown}
 t - a potion of flight {unknown}
Books
 b - a book of Conjurations

   Spells                             Type                      Level
   a - Magic Dart                     Conjuration                  1
   b - Searing Ray                    Conjuration                  2
   c - Dazzling Spray                 Conjuration/Hexes            3
   d - Fulminant Prism                Conjuration/Hexes            4
   e - Force Lance                    Conjuration/Translocation    4
   f - Iskenderun's Mystic Blast      Conjuration                  4
Comestibles
 c - 3 rations


   Skills:
 - Level 2.4 Dodging
 - Level 2.4 Stealth
 - Level 3.0 Spellcasting
 + Level 7.2 Conjurations


You had 3 spell levels left.
You knew the following spells:

 Your Spells              Type           Power        Failure   Level  Hunger
a - Magic Dart            Conj           ####         1%          1    None
b - Searing Ray           Conj           ####..       1%          2    ##.....
c - Iskenderun's Mystic   Conj           ####....     7%          4    ####...


Dungeon Overview and Level Annotations

Branches:
Dungeon (3/15)

Altars:

Annotations:
D:3 Grinder, Terence


Message History

The searing ray hits Terence.
Terence is almost dead.
You finish channeling your searing ray.
Terence hits you with a flail of protection!
* * * LOW HITPOINT WARNING * * *
Casting: Searing Ray
Confirm with . or Enter, or press ? or * to list all spells.
Aiming: Searing Ray
Press: ? - help, Shift-Dir - straight line, f/p - Terence
Aim: Terence, wielding a flail of protection and wearing a shiny chain mail (almost dead)
The searing ray misses Terence. (Press . to maintain the ray.) Terence closely misses you.
You completely miss Terence.
Terence is almost dead.
Terence closely misses you.
You hit Terence but do no damage.
Terence is almost dead.
Terence hits you with a flail of protection!
You die...

...........##.##.###..#.###
#.#
#####.................#...#
#.#
#....####.............###
#.# #.####
#####.##........###.# #)#
#.##.....##.....# #####)#
##.##....#..(##### ).....#
#..##.##.#.### #######
#.###. #...# #@###.##.###
#.@...##.# #..#####.# #..#
#.# #..# #.######## #..#
#.....(..## #### # ###..#
#######.... ...# #... ..!.
#.### ##.# ##.#. #..# #...#


You could see Terence.

Vanquished Creatures
  Robin (D:3)
  4 gnolls (D:3)
  4 adders
  2 oozes (D:1)
  A worm (D:3)
  2 leopard geckos
  5 bats
  4 giant cockroaches
  13 goblins
  9 hobgoblins
  3 quokkas
  A ball python (D:1)
  3 frilled lizards (D:2)
  5 kobolds
  11 rats
68 creatures vanquished.

Notes
Turn   | Place    | Note
-------+----------+-------------------------------------------
     0 | D:1      | Lilu the Deep Elf Conjurer began the quest for the Orb.
     0 | D:1      | Reached XP level 1. HP: 10/10 MP: 6/6
   283 | D:1      | Reached XP level 2. HP: 6/15 MP: 5/8
   508 | D:1      | Reached skill level 5 in Conjurations
   735 | D:1      | Reached XP level 3. HP: 14/19 MP: 7/9
  1139 | D:2      | Learned a level 2 spell: Searing Ray
  1474 | D:2      | Reached skill level 6 in Conjurations
  1768 | D:3      | Noticed a scorpion
  1923 | D:3      | Reached XP level 4. HP: 16/24 MP: 6/10
  2345 | D:3      | Noticed Terence
  2352 | D:3      | Learned a level 4 spell: Iskenderun's Mystic Blast
  2398 | D:3      | Noticed Robin
  2404 | D:3      | Killed Robin
  2404 | D:3      | Reached skill level 7 in Conjurations
  2404 | D:3      | Reached XP level 5. HP: 14/28 MP: 2/11
  2626 | D:3      | Noticed Grinder
  3136 | D:3      | Slain by Terence

Skill      XL: |  1  2  3  4 |
---------------+-------------+-----
Conjurations   | 5 6 7 |  7.2
Dodging        | |  2.4
Stealth        | |  2.4
Spellcasting   | |  3.0

Action                   |  1- 3 |  4- 6 || total
-------------------------+-------+-------++-------
Melee: Dagger            |    10 |       ||    10
       Whip              |    51 |    30 ||    81
 Cast: Magic Dart        |    42 |     8 ||    50
       Searing Ray       |     3 |    10 ||    13
  Use: Scroll            |     7 |       ||     7
 Stab: Sleeping          |     1 |       ||     1
  Eat: Chunk             |     3 |     4 ||     7
Armor: Robe              |    15 |     7 ||    22
Dodge: Dodged            |    44 |    41 ||    85
